 Dungeon Crawl Stone Soup version 0.28.0 (webtiles) character file.

Game seed: 16546219804256445574

18564 Peloso the Carver (level 12, -9/106 HPs)
             Began as a Minotaur Fighter on Feb 12, 2022.
             Was an Elder of Okawaru.
             Mangled by a cane toad (17 damage)
             ... on level 2 of the Lair of Beasts.
             The game lasted 00:28:41 (18507 turns).

Peloso the Carver (Minotaur Fighter)               Turns: 18507, Time: 00:28:42

Health: -9/106     AC:  9    Str: 24    XL:     12   Next: 28%
Magic:  11/11      EV:  7    Int:  5    God:    Okawaru [****..]
Gold:   604        SH: 11    Dex: 12    Spells: 11/11 levels left

rFire   . . .      SeeInvis .   a - +3 long sword "Mosibyank" {vorpal, rN+ Will++}
rCold   . . .      Faith    +   c - +0 kite shield
rNeg    + . .      Spirit   .   p - +0 plate armour
rPois   .          Reflect  .   (helmet restricted)
rElec   .          Harm     .   (no cloak)
rCorr   +          Rampage  .   y - +0 pair of gloves
Will    ++...                   (no boots)
Stlth   ..........              A - amulet of faith
HPRegen 0.27/turn               G - ring of resist corrosion
MPRegen 0.12/turn               (no ring)

@: corroded, invisible
A: horns 2, retaliatory headbutt
a: Renounce Religion, Heroism, Finesse


You were on level 2 of the Lair of Beasts.
You worshipped Okawaru.
Okawaru was greatly pleased with you.
You visited 3 branches of the dungeon, and saw 13 of its levels.
You also visited: Bailey.

You collected 634 gold pieces.
You spent 30 gold pieces at shops.

Inventory:

Hand Weapons
 a - the +3 long sword "Mosibyank" (weapon) {vorpal, rN+ Will++}
   (You found it on level 8 of the Dungeon)

   It inflicts extra damage upon your enemies.
   rN:        It protects you from negative energy.
   Will:      It greatly increases your willpower.
 b - a +2 spear of flaming
 J - the +9 lance "Wyrmbane" {slay drac, rPois rF+ rC+ AC+3}
   (You took it off Maggie on level 8 of the Dungeon)

   It inflicts extra damage against dragons and draconians.
   AC:        It affects your AC (+3).
   rF:        It protects you from fire.
   rC:        It protects you from cold.
   rPois:     It protects you from poison.
Armour
 c - a +0 kite shield (worn)
 p - a +0 plate armour (worn)
 y - a +0 pair of gloves (worn)
 K - +0 swamp dragon scales
Jewellery
 m - an amulet of guardian spirit
 w - a +4 ring of evasion
 x - a +6 ring of intelligence
 z - a ring of magical power
 A - an amulet of faith (around neck)
 G - a ring of resist corrosion (left hand)
 I - a +6 ring of dexterity
Wands
 q - a wand of paralysis (21)
 s - a wand of polymorph (14)
 u - a wand of digging (7)
 B - a wand of flame (22)
Scrolls
 e - a scroll of brand weapon {unknown}
 g - a scroll of magic mapping {unknown}
 h - 4 scrolls of teleportation
 i - a scroll of noise {unknown}
 j - 3 scrolls of fear {unknown}
 o - 2 scrolls of immolation {unknown}
 r - a scroll of amnesia {unknown}
 F - 6 scrolls of identify
Potions
 d - a potion of might
 f - 3 potions of invisibility
 k - 2 potions of curing
 l - a potion of ambrosia {unknown}
 n - 3 potions of brilliance {unknown}
 t - a potion of degeneration {unknown}
 v - a potion of haste
 C - a potion of heal wounds {unknown}
 D - 3 potions of lignification {unknown}
 E - a potion of resistance {unknown}
 H - a potion of experience
 L - 3 potions of cancellation {unknown}


   Skills:
 + Level 10.2 Fighting
 + Level 14.7 Long Blades
 + Level 13.0 Armour
 + Level 3.6 Dodging
 + Level 2.5 Stealth
 + Level 10.6 Shields
 + Level 0.1 Invocations
 + Level 1.3 Evocations


You had 11 spell levels left.
You didn't know any spells.
Your spell library contained the following spells:

 Spells                   Type           Power      Damage    Failure   Level
 Apportation              Tloc           0%         N/A       100%        1
 Beastly Appendage        Tmut           0%         N/A       100%        1
 Magic Dart               Conj           0%         1d3       100%        1
 Sandblast                Erth           0%         2d4       100%        1
 Corpse Rot               Necr/Air       0%         N/A       100%        2
 Wereblood                Tmut           0%         N/A       100%        2
 Mephitic Cloud           Conj/Pois/Air  0%         N/A       100%        3
 Ozocubu's Armour         Ice            0%         N/A       100%        3
 Spider Form              Tmut/Pois      0%         N/A       100%        3
 Stone Arrow              Conj/Erth      0%         3d7       100%        3
 Metabolic Englaciation   Hex/Ice        0%         N/A       100%        5
 Silence                  Hex/Air        0%         N/A       100%        5
 Storm Form               Tmut/Air       0%         N/A       100%        7
 Lehudib's Crystal Spear  Conj/Erth      0%         10d2      100%        8
 Maxwell's Capacitive Co  Air            0%         ∞         100%        8
 Animate Skeleton         Necr           Unusable   N/A       N/A         1
 Summon Small Mammal      Summ           Unusable   N/A       N/A         1
 Call Imp                 Summ           Unusable   N/A       N/A         2
 Animate Armour           Summ/Erth      Unusable   N/A       N/A         4
 Summon Lightning Spire   Summ/Air       Unusable   N/A       N/A         4
 Simulacrum               Ice/Necr       Unusable   N/A       N/A         6

Dungeon Overview and Level Annotations

Branches:
Dungeon (10/15)            Temple (1/1) D:6            Lair (2/6) D:10
  Snake (0/4) Lair:2          Orc (0/2) D:10         Bailey (visited)
  Swamp: Lair:2-4    Shoals: Lair:2-4

Altars:
Ashenzari
Cheibriados
Dithmenos
Elyvilon
Fedhas
Gozag
Hepliaklqana
Kikubaaqudgha
Makhleb
Nemelex Xobeh
Okawaru
Qazlal
Ru
Sif Muna
Trog
Uskayaw
Vehumet
Wu Jian
Xom
Yredelemnul
Zin
The Shining One

Shops:
D:6 *   D:8 [*?[   D:9 =

Portals:
Abyss: D:3

Annotations:
D:3 2 transporters, Zeus21348's ghost, amateur HOMo


Innate Abilities, Weirdness & Mutations

You have a pair of horns on your head.
You reflexively headbutt those who attack you in melee.


Message History

The cane toad is almost dead.
You feel sick. The cane toad barely misses you. You furiously retaliate!
You headbutt the cane toad.
The cane toad stings you but does no damage.
You slash the cane toad!
You kill the cane toad!
Okawaru accepts your kill.
You feel sick. The cane toad stings you.
Your Armour skill increases to level 13!
You feel sick.
You hit the cane toad but do no damage.
You headbutt the cane toad, but do no damage.
The cane toad is lightly wounded.
You feel sick. The cane toad stings you!
You hit the cane toad. Your headbutt misses the cane toad.
The cane toad is moderately wounded.
You feel sick. The cane toad barely misses you.
You hit the cane toad but do no damage.
The cane toad is moderately wounded.
You feel sick. The cane toad stings you!
* * * LOW HITPOINT WARNING * * *
You are lethally poisoned!
The cane toad poisons you!
You closely miss the cane toad.
You headbutt the cane toad, but do no damage.
The cane toad is moderately wounded.
* * * LOW HITPOINT WARNING * * *
You feel very sick. The cane toad stings you!
* * * LOW HITPOINT WARNING * * *
It was a potion of invisibility.
You fade into invisibility!
* * * LOW HITPOINT WARNING * * *
You feel very sick. You block the cane toad's attack.
It was a potion of curing.
You feel better. You block the cane toad's attack.
You hit the cane toad. You headbutt the cane toad!
The cane toad is heavily wounded.
The cane toad stings you!
You die...

P..P
#..P##
#....#
##PP..###
.P.P.#.#
#..P..
#...P#
#PF.#
##P@.#
#P.P.##
##.P.PP###
#P.....#.#
#.#.PP...#
###.P...P#
##
#P....##
#.
#.P#..P#
##
#.##...###
#P


You could see a cane toad.

Vanquished Creatures
  A boulder beetle (D:9)
  2 two-headed ogres
  3 oklob plants (Lair:2)
  2 black mambas (Lair:1)
  Joseph (D:8)
  An elephant (D:10)
  6 cane toads
  Maggie (D:8)
  Psyche (D:8)
  2 kobold demonologists (D:10)
  2 komodo dragons (Lair:1)
  2 trolls
  Grinder (D:6)
  A vampire (D:9)
  Eustachio (D:4)
  A ynoxinul (D:8)
  2 wyverns (D:9)
  14 yaks
  A basilisk (Lair:1)
  Menkaure (D:4)
  A steam dragon (D:6)
  6 water moccasins
  16 orc warriors
  3 black bears
  2 ice beasts
  A sky beast (D:6)
  An ogre (D:6)
  13 centaurs
  A phantom (D:6)
  2 kobold brigands (D:10)
  10 bullfrogs
  A wyvern zombie (D:6)
  5 scorpions
  A water moccasin zombie (D:6)
  A wyvern skeleton (D:7)
  A water moccasin skeleton (D:6)
  6 killer bees (D:10)
  5 electric eels (D:10)
  9 wights
  2 howler monkeys (D:8)
  5 centaur zombies
  A gnoll shaman (D:4)
  3 hounds
  4 jellies
  7 orc priests
  2 bullfrog skeletons
  A centaur skeleton (D:6)
  3 iguanas
  Ijyb (D:5)
  4 orc wizards
  A howler monkey zombie (D:5)
  5 gnolls (D:4)
  A howler monkey skeleton (D:7)
  10 adders
  2 shadow imps (D:7)
  4 white imps
  An ufetubus (D:6)
  A worm (D:2)
  63 orcs
  9 ball pythons
  4 bats
  6 endoplasms
  5 giant cockroaches
  17 goblins
  5 hobgoblins
  10 jackals (D:1)
  6 quokkas
  10 frilled lizards
  7 kobolds
  8 rats
339 creatures vanquished.

Vanquished Creatures (others)
  3 fungi (Lair:2)
  12 plants
15 creatures vanquished.

Grand Total: 354 creatures vanquished

Notes
Turn   | Place    | Note
-------+----------+-------------------------------------------
     0 | D:1      | Peloso the Minotaur Fighter began the quest for the Orb.
     0 | D:1      | Reached XP level 1. HP: 19/19 MP: 0/0
   131 | D:1      | Reached XP level 2. HP: 27/27 MP: 1/1
   743 | D:1      | Reached XP level 3. HP: 31/33 MP: 2/2
   992 | D:2      | Reached skill level 3 in Long Blades
  1234 | D:2      | Reached XP level 4. HP: 32/40 MP: 3/3
  1584 | D:3      | Noticed a scorpion
  1590 | D:3      | Killed a scorpion
  1591 | D:3      | Reached skill level 4 in Long Blades
  1591 | D:3      | Reached XP level 5. HP: 35/47 MP: 4/4
  1669 | D:3      | Found a transporter.
  1682 | D:3      | Noticed a small abomination
  1929 | D:3      | Found a transporter.
  1951 | D:3      | Reached skill level 5 in Armour
  1998 | D:3      | Found a one-way gate to the infinite horrors of the Abyss.
  1998 | D:3      | Noticed Zeus21348's ghost (amateur HOMo)
  2428 | D:4      | Reached skill level 1 in Dodging
  2498 | D:4      | Noticed Eustachio
  2529 | D:4      | Killed Eustachio
  2530 | D:4      | Reached skill level 5 in Long Blades
  2530 | D:4      | Reached XP level 6. HP: 48/55 MP: 5/5
  2792 | D:4      | Reached skill level 5 in Fighting
  3188 | D:4      | Noticed Menkaure
  3195 | D:4      | Killed Menkaure
  3196 | D:4      | Reached skill level 6 in Long Blades
  3196 | D:4      | Reached XP level 7. HP: 39/61 MP: 6/6
  3635 | D:5      | Entered Level 5 of the Dungeon
  3727 | D:5      | Reached skill level 7 in Long Blades
  4103 | D:5      | Noticed Ijyb
  4117 | D:5      | Killed Ijyb
  4147 | D:5      | Reached XP level 8. HP: 65/70 MP: 7/7
  4209 | D:5      | Reached skill level 8 in Long Blades
  4441 | D:5      | Reached skill level 5 in Shields
  4980 | D:6      | Reached skill level 9 in Long Blades
  5130 | D:6      | Found Plog's Assorted Antiques.
  5672 | D:6      | Found a sparkling altar of Nemelex Xobeh.
  5881 | D:6      | Noticed Grinder
  5902 | D:6      | Killed Grinder
  5903 | D:6      | Reached skill level 10 in Long Blades
  5903 | D:6      | Reached skill level 1 in Stealth
  5903 | D:6      | Reached XP level 9. HP: 78/78 MP: 8/8
  6275 | D:6      | Found a staircase to the Ecumenical Temple.
  6284 | Temple   | Entered the Ecumenical Temple
  6987 | D:7      | Reached skill level 11 in Long Blades
  7281 | D:7      | Found a snail-covered altar of Cheibriados.
  7435 | D:7      | Found a glowing silver altar of Zin.
  7690 | D:8      | Found an opulent altar of Gozag.
  7744 | D:8      | Identified the +3 long sword "Mosibyank" {vorpal, rN+
                  | Will++}
  7751 | D:8      | Found Naath's Antique Armour Shoppe.
  7760 | D:8      | Found Ibugaori's Magic Scroll Shoppe.
  7760 | D:8      | Found Othaonya's Assorted Antiques.
  7760 | D:8      | Found Meuhu's Antique Armour Shoppe.
  7824 | D:8      | Bought a scroll of identify for 30 gold pieces
  7857 | D:8      | Found a basalt altar of Yredelemnul.
  7857 | D:8      | Found a broken altar of Ashenzari.
  7921 | D:8      | Noticed a troll
  7934 | D:8      | Killed a troll
  7938 | D:8      | Found a bloodstained altar of Trog.
  8012 | D:8      | Found a shimmering blue altar of Sif Muna.
  8021 | D:8      | Got Sif Muna's Papyrus of Feathers
  8208 | D:8      | Noticed Joseph
  8224 | D:8      | Killed Joseph
  8225 | D:8      | Reached skill level 12 in Long Blades
  8225 | D:8      | Reached XP level 10. HP: 44/86 MP: 9/9
  8403 | D:8      | Got the Collected Works on Gliding Earth
  8624 | D:8      | Noticed Maggie
  8624 | D:8      | Noticed Psyche
  8633 | D:8      | Killed Maggie
  8637 | D:8      | Killed Psyche
  9325 | D:9      | Found a sacrificial altar of Ru.
  9373 | D:9      | Found Qubrud's Jewellery Emporium.
  9417 | D:9      | Found a flagged portal.
  9443 | D:9      | Identified the +5 flail of the Whale {vorpal, Fragile rElec
                  | rF+ SInv}
  9451 | Bailey   | Entered a bailey
 11309 | Bailey   | Reached skill level 10 in Armour
 12133 | Bailey   | Reached skill level 13 in Long Blades
 12976 | D:9      | Found a shimmering altar of Xom.
 13300 | D:9      | Noticed a boulder beetle
 13309 | D:9      | Reached XP level 11. HP: 88/95 MP: 10/10
 13323 | D:9      | Killed a boulder beetle
 13606 | D:9      | Found an iron altar of Okawaru.
 13610 | D:9      | Became a worshipper of Warmaster Okawaru
 13639 | D:9      | Found a glowing golden altar of the Shining One.
 13966 | D:10     | Entered Level 10 of the Dungeon
 15101 | D:10     | Found a staircase to the Lair.
 15187 | D:10     | Noticed a two-headed ogre
 15194 | D:10     | Killed a two-headed ogre
 15194 | D:10     | Reached * piety under Okawaru
 15195 | D:10     | Reached skill level 14 in Long Blades
 15195 | D:10     | Reached skill level 1 in Evocations
 15690 | D:10     | Noticed a two-headed ogre
 15940 | D:9      | Killed a two-headed ogre
 16188 | D:10     | Found a white marble altar of Elyvilon.
 16207 | D:10     | Found a staircase to the Orcish Mines.
 16346 | Lair:1   | Entered Level 1 of the Lair of Beasts
 16355 | Lair:1   | Reached ** piety under Okawaru
 16841 | Lair:1   | Reached *** piety under Okawaru
 17024 | Lair:1   | Reached XP level 12. HP: 58/106 MP: 11/11
 17417 | Lair:1   | Reached **** piety under Okawaru
 17418 | Lair:1   | Reached skill level 10 in Shields
 18002 | Lair:2   | Found a staircase to the Snake Pit.
 18096 | Lair:2   | Reached skill level 10 in Fighting
 18505 | Lair:2   | HP: 3/106 [poisoned by a cane toad]
 18507 | Lair:2   | Mangled by a cane toad

Illustrated notes

Levels and vault maps discovered:
D:1:      lightli_arrival_lavapool, layout_loops_cross
D:2:      layout_rooms, minmay_unequal
D:3:      layout_loops_ring, gammafunk_ghost_abyssal_escape
D:4:      layout_basic, uniq_menkaure, uniq_eustachio
D:5:      layout_loops_ring, serial_rivers, chequers_serial_rivers_micro_a,
          chequers_serial_rivers_large_a, chequers_serial_rivers_micro_d,
          chequers_serial_rivers_room_a, chequers_serial_rivers_small_a,
          uniq_ijyb
D:6:      layout_layer_cave, nemelex_dance_club_becter,
          minmay_temple_entry_ruins, serial_shops, nicolae_shop_behind_doors,
          minivault_1, minmay_joined_circles, uniq_grinder
D:7:      layout_rooms, mainiacjoe_overflow_small_starburst,
          mainiacjoe_overflow_tiny_flanked
D:8:      layout_basic, nzn_overflow_gifts_of_might_and_magic,
          nicolae_gozag_seed_capital, gammafunk_temple_overflow_elements,
          minmay_misc_feat_diagonals, minmay_misc_feat_encased,
          nicolae_benzene_ring, minmay_shop_grid_forest, uniq_psyche,
          uniq_joseph, uniq_maggie
D:9:      layout_basic, tgw_xom, overflow_temple_1_default, minitemple,
          enter_bailey_5, serial_shops, shop, serial_park_tiny_pond,
          minivault_20
D:10:     layout_basic, mainiacjoe_overflow_concentric_impassable,
          david_lair_generic, st_stairs_9, minmay_hedge_maze
Temple:   dpeg_three_leaves_temple
Lair:1:   layout_roguey, infiniplex_staircase_pool, grunt_megastairs_5
Lair:2:   minmay_lair_oklob_tunnel, layout_misc_corridors,
          minmay_swamp_entry_worms, grunt_forest_stairs_clearing,
          grunt_megastairs_3, serial_bayou_shore_b

Skill      XL: |  1  2  3  4  5  6  7  8  9 10 11 12 |
---------------+-------------------------------------+-----
Shields        | 4 5 6 8 9 10 | 10.6
Armour         | 4 5 6 7 9 10 12 13 | 13.0
Fighting       | 4 5 6 7 8 9 10 | 10.2
Long Blades    | 3 4 5 6 7 10 12 13 14 | 14.7
Dodging        | 1 2 3 |  3.6
Stealth        | 1 2 |  2.5
Evocations     | 1 |  1.3
Invocations    | |  0.1

Action                   |  1- 3 |  4- 6 |  7- 9 | 10-12 || total
-------------------------+-------+-------+-------+-------++-------
Melee: Long sword        |   113 |   123 |   305 |   572 ||  1113
       Headbutt          |    14 |    22 |    62 |   126 ||   224
Invok: Heroism           |       |       |       |     3 ||     3
Evoke: Wand              |       |       |     2 |     9 ||    11
  Use: Scroll            |       |     1 |       |     5 ||     6
       Potion            |       |       |       |     3 ||     3
 Stab: Paralysed         |       |       |     6 |       ||     6
Armor: Scale mail        |    51 |    29 |       |       ||    80
       Plate armour      |       |    42 |   187 |   206 ||   435
       Swamp dragon scal |       |       |       |    43 ||    43
Dodge: Dodged            |    43 |    43 |    87 |   192 ||   365
Block: Buckler           |    37 |    29 |    73 |       ||   139
       Kite shield       |       |       |       |   283 ||   283
